 Dungeon Crawl Stone Soup version 0.23.0 (webtiles) character file.

Game seed: 11392653745490199763

20030 HunterAntonescu the Protected (level 13, -13/108 HPs)
             Began as a Human Fighter on Feb 17, 2019.
             Was the Champion of Makhleb.
             Splashed by an acid dragon's acid (19 damage)
             ... on level 12 of the Dungeon.
             The game lasted 01:24:43 (12206 turns).

HunterAntonescu the Protected (Human Fighter)      Turns: 12206, Time: 01:24:48

Health: -13/108    AC: 15    Str: 30    XL:     13   Next: 9%
Magic:  13/13      EV:  8    Int:  9    God:    Makhleb [******]
Gold:   849        SH:  0    Dex: 13    Spells: 12/12 levels left

rFire    . . .     SeeInvis .   a - +4 spear (venom)
rCold    . . .     Gourm    .   (no shield)
rNeg     . . .     Faith    .   I - +1 plate armour
rPois    .         Spirit   .   (no helmet)
rElec    +         Reflect  .   L - +0 cloak
rCorr    .         Harm     .   O - +0 pair of gloves
MR       .....                  (no boots)
Stlth    ..........             c - amulet of regeneration
HPRegen  0.68/turn              g - +5 ring of strength
MPRegen  0.13/turn              N - +4 ring of strength

@: lethally poisoned (-13 -> -13), corroded, very slightly contaminated
A: electricity resistance
a: Minor Destruction, Lesser Servant of Makhleb, Major Destruction, Greater
Servant of Makhleb, Renounce Religion


You were on level 12 of the Dungeon.
You worshipped Makhleb.
Makhleb was exalted by your worship.
You were not hungry.

You visited 2 branches of the dungeon, and saw 13 of its levels.
You also visited: Ossuary.

You collected 893 gold pieces.
You spent 44 gold pieces at shops.

Inventory:

Hand Weapons
 a - a +4 spear of venom (weapon)
 b - a +5 vampiric spear
Missiles
 H - 14 tomahawks (quivered)
Armour
 w - the +1 cloak "Lafill" {*Slow rElec MP+9 Dex-5}
   (You found it on level 6 of the Dungeon)

   It affects your dexterity (-5).
   It insulates you from electricity.
   It affects your magic capacity (+9).
   It may slow you when you take damage.
 I - a +1 plate armour (worn)
 L - a +0 cloak (worn)
 O - a +0 pair of gloves (worn)
Jewellery
 c - an amulet of regeneration (around neck)
 e - an uncursed ring of protection from fire
 g - a +5 ring of strength (left hand)
 u - an uncursed ring of protection from cold
 y - an uncursed ring of fire
 C - an uncursed amulet of magic regeneration
 M - an uncursed ring of protection from magic
 N - a +4 ring of strength (right hand)
Wands
 h - a wand of iceblast (27)
 D - a wand of random effects (21)
 E - a wand of flame (47)
 G - a wand of polymorph (8)
Scrolls
 i - 4 scrolls of teleportation
 j - 16 scrolls of identify
 m - a scroll of magic mapping {unknown}
 n - 2 scrolls of enchant armour
 o - 2 scrolls of fog
 r - 7 scrolls of remove curse
 t - a scroll of immolation
 v - a scroll of amnesia
 x - a scroll of blinking
 K - a scroll of enchant weapon
Potions
 k - a potion of agility {unknown}
 l - a potion of cancellation {unknown}
 s - 4 potions of flight
 z - a potion of mutation
 A - 3 potions of brilliance
 F - a potion of resistance
 J - a potion of curing
 P - a potion of haste
Comestibles
 f - 14 rations


   Skills:
 + Level 12.2 Fighting
 - Level 12.0 Polearms
 + Level 12.2 Armour
   Level 3.0 Shields


You had 12 spell levels left.
You didn't know any spells.
Your spell library was empty.

Dungeon Overview and Level Annotations

Branches:
Dungeon (12/15)            Temple (0/1) D:7            Lair (1/6) D:11
    Orc (0/2) D:11

Altars:
Cheibriados
Dithmenos
Fedhas
Gozag
Kikubaaqudgha
Makhleb
Qazlal
Ru
Trog
Wu Jian
Zin
The Shining One
Beogh

Shops:
D:4 (   D:5 %%   D:8 %   D:10 %   D:11 %


Innate Abilities, Weirdness & Mutations

You are resistant to electric shocks. (rElec)


Message History

You feel sick.
You feel sick.
Aiming: Iceblast
Press: ? - help, Shift-Dir - straight line, f - acid dragon
Aim: an acid dragon The mass of ice explodes!
The iceblast engulfs the acid dragon.
The acid dragon is lightly wounded.
The iceblast engulfs the two-headed ogre!
The two-headed ogre is almost dead.
Aiming: Iceblast
Press: ? - help, Shift-Dir - straight line, f/p - acid dragon
Aim: an acid dragon (lightly wounded)
The mass of ice explodes!
The iceblast engulfs the acid dragon!
The acid dragon is heavily wounded.
You feel sick. The acid dragon spits acid at you. The splash of acid hits you.
* * * LOW HITPOINT WARNING * * *
You are splashed with acid!!
You die...

######### #.......#
#.......# #.......#
#.......# #(..#...#
.######
#...#...#######...#....#
#...#.......@.#...#....#
#...#.........#...#....#
#...#...D.....#...#....#
#####..O#####.#...##...##
#...# #......#....# #...#
#......#....# .# #...#
#......#....# ..# #.OD#
#......#....#...# #...#
#......#....#...#


You could see a two-headed ogre and an acid dragon.

Vanquished Creatures
  Erolcha (D:9)
  2 two-headed ogres
  Urug (D:11)
  An unseen horror (D:12)
  An orc knight (D:11)
  A manticore (D:9)
  A cyclops (D:10)
  3 spiny frogs (Lair:1)
  A komodo dragon (Lair:1)
  A troll (D:9)
  Prince Ribbit (D:8)
  2 hornets
  5 hippogriffs
  Sigmund (D:5)
  A wraith (Ossuary)
  2 wyverns
  24 yaks
  A steam dragon (D:11)
  An acid dragon (D:12)
  A water moccasin (D:9)
  4 porcupines
  8 orc warriors
  3 sky beasts
  A hornet zombie (D:8)
  2 black bears (D:11)
  An eye of draining (D:9)
  5 ogres
  3 necrophages
  8 centaurs
  5 crocodiles
  An elf zombie (Ossuary)
  5 gnoll sergeants
  14 bullfrogs
  2 big kobolds
  Blork the orc (D:6)
  2 scorpions (D:6)
  9 killer bees
  3 wights (D:12)
  3 howler monkeys
  5 jellies
  5 electric eels
  7 crimson imps
  A centaur zombie (D:12)
  2 quasits (D:9)
  4 bullfrog skeletons
  4 gnoll shamans
  9 hounds
  7 orc wizards
  2 centaur skeletons
  8 orc priests
  An iron imp (D:9)
  5 iguanas
  4 worker ants
  A hound zombie (D:6)
  A hound skeleton (D:4)
  3 mummies (Ossuary)
  2 worker ant zombies
  27 gnolls
  2 howler monkey skeletons (D:7)
  12 adders
  5 shadow imps
  5 oozes (D:9)
  3 adder skeletons
  4 worms
  7 leopard geckos
  44 orcs
  10 giant cockroaches
  12 goblins
  11 hobgoblins
  32 jackals
  19 kobolds
  4 quokkas
  A ball python skeleton (D:5)
  5 bats
  7 frilled lizards
  A goblin skeleton (D:9)
  5 goblin zombies
  5 hobgoblin zombies (Ossuary)
  A jackal skeleton (D:5)
  A kobold skeleton (D:9)
  3 kobold zombies (Ossuary)
  2 orc skeletons (D:9)
  2 orc zombies (D:9)
  9 rats
  A rat zombie (D:4)
  2 fungi (D:11)
445 creatures vanquished.

Vanquished Creatures (others)
  4 fungi (D:11)
  A plant (D:11)
5 creatures vanquished.

Grand Total: 450 creatures vanquished

Notes
Turn   | Place    | Note
-------+----------+-------------------------------------------
     0 | D:1      | HunterAntonescu the Human Fighter began the quest for the
                  | Orb.
     0 | D:1      | Reached XP level 1. HP: 18/18 MP: 1/1
   167 | D:1      | Reached XP level 2. HP: 12/24 MP: 2/2
   584 | D:1      | Reached XP level 3. HP: 26/29 MP: 3/3
   821 | D:1      | Found a snail-covered altar of Cheibriados.
  1105 | D:1      | Reached XP level 4. HP: 35/35 MP: 4/4
  1703 | D:3      | Found a blossoming altar of Fedhas.
  1731 | D:3      | Reached XP level 5. HP: 42/42 MP: 5/5
  2487 | D:4      | Found Jowaelas's Weapon Shoppe.
  2495 | D:4      | Bought a +0 halberd for 44 gold pieces
  2554 | D:4      | Reached XP level 6. HP: 44/48 MP: 6/6
  2803 | D:4      | Found a sand-covered staircase.
  2810 | Ossuary  | Entered an ossuary
  2810 | Ossuary  | Noticed a wraith
  2810 | Ossuary  | Noticed a wraith
  2810 | Ossuary  | Noticed a wraith
  2912 | Ossuary  | Reached skill level 5 in Polearms
  2912 | Ossuary  | Reached XP level 7. HP: 45/55 MP: 7/7
  3008 | Ossuary  | Gained mutation: Your mind is acute. (Int +2) [potion of
                  | mutation]
  3008 | Ossuary  | Lost mutation: Your mind is acute. (Int +2) [potion of
                  | mutation]
  3008 | Ossuary  | Gained mutation: You are resistant to electric shocks.
                  | (rElec) [potion of mutation]
  3089 | Ossuary  | Noticed a wraith
  3093 | Ossuary  | Killed a wraith
  3801 | D:5      | Entered Level 5 of the Dungeon
  3801 | D:5      | Found Nifudghusk's Food Boutique.
  3826 | D:5      | Found a glowing silver altar of Zin.
  3828 | D:5      | Found a sacrificial altar of Ru.
  3833 | D:5      | Found a shadowy altar of Dithmenos.
  3884 | D:5      | Reached skill level 5 in Fighting
  3932 | D:5      | Found a bloodstained altar of Trog.
  3933 | D:5      | Found a burning altar of Makhleb.
  3936 | D:5      | Found a glowing golden altar of the Shining One.
  3936 | D:5      | Found an ornate altar of the Wu Jian Council.
  3940 | D:5      | Reached skill level 5 in Armour
  3940 | D:5      | Reached XP level 8. HP: 61/62 MP: 8/8
  3969 | D:5      | Became a worshipper of Makhleb the Destroyer
  4052 | D:5      | Found an ancient bone altar of Kikubaaqudgha.
  4184 | D:5      | Found a stormy altar of Qazlal.
  4271 | D:5      | Noticed Sigmund
  4286 | D:5      | Killed Sigmund
  4399 | D:5      | Found Juzung's Food Boutique.
  4533 | D:5      | Reached * piety under Makhleb
  4589 | D:5      | HP: 1/64 [gnoll sergeant/+3 spear of venom (3)]
  4594 | D:5      | Reached XP level 9. HP: 31/69 MP: 9/9
  5234 | D:6      | Reached ** piety under Makhleb
  5321 | D:6      | Found an opulent altar of Gozag.
  5322 | D:6      | Noticed Blork the orc
  5334 | D:6      | Killed Blork the orc
  5431 | D:6      | Got a fine cloak
  5469 | D:6      | Identified the +1 cloak "Lafill" {*Slow rElec MP+9 Dex-5}
                  | (You found it on level 6 of the Dungeon)
  5825 | D:7      | Found an opulent altar of Gozag.
  6336 | D:7      | Found a staircase to the Ecumenical Temple.
  6704 | D:8      | Reached XP level 10. HP: 79/79 MP: 10/10
  6861 | D:8      | Noticed Prince Ribbit
  6878 | D:8      | Reached skill level 10 in Polearms
  6892 | D:8      | Killed Prince Ribbit
  6903 | D:8      | Found Ibuquaru's Food Emporium.
  6934 | D:8      | Reached *** piety under Makhleb
  7655 | D:9      | Reached XP level 11. HP: 67/87 MP: 11/11
  7704 | D:9      | Reached **** piety under Makhleb
  7708 | D:9      | Found a glowing golden altar of the Shining One.
  7998 | D:9      | Noticed a manticore
  8016 | D:9      | Killed a manticore
  8185 | D:9      | Identified the +3 war axe of Income {chaos, Str-4 Int+7
                  | Stlth+}
  8413 | D:9      | Noticed Erolcha
  8426 | D:9      | Killed Erolcha
  8485 | D:10     | Entered Level 10 of the Dungeon
  8509 | D:10     | Found Vorch's Food Shop.
  8834 | D:10     | Reached ***** piety under Makhleb
  9257 | D:10     | Noticed a cyclops
  9277 | D:10     | Killed a cyclops
 10001 | D:11     | Noticed Urug
 10045 | D:11     | Killed Urug
 10170 | D:11     | Reached skill level 10 in Fighting
 10177 | D:11     | Reached skill level 10 in Armour
 10224 | D:11     | Found a staircase to the Lair.
 10292 | D:11     | Reached XP level 12. HP: 97/97 MP: 12/12
 10307 | Lair:1   | Entered Level 1 of the Lair of Beasts
 11568 | D:11     | Found Ketzoit's Food Shoppe.
 11650 | D:11     | Found a roughly hewn altar of Beogh.
 11650 | D:11     | Noticed a two-headed ogre
 11676 | D:11     | Killed a two-headed ogre
 11707 | D:11     | HP: 5/100 [orc warrior/+0 glaive (13)]
 11881 | D:11     | Found a staircase to the Orcish Mines.
 11944 | D:12     | Noticed a two-headed ogre
 11955 | D:12     | Killed a two-headed ogre
 12036 | D:12     | Reached XP level 13. HP: 108/108 MP: 13/13
 12178 | D:12     | Reached ****** piety under Makhleb
 12206 | D:12     | Splashed by an acid dragon's acid

Skill      XL: |  1  2  3  4  5  6  7  8  9 10 11 12 |
---------------+-------------------------------------+-----
Polearms       | 3 4 5 6 7 9 11 12 | 12.0
Fighting       | 4 5 6 7 8 10 12 | 12.2
Armour         | 4 5 7 8 10 12 | 12.2
Shields        | |  3.0

Action                   |  1- 3 |  4- 6 |  7- 9 | 10-12 | 13-15 || total
-------------------------+-------+-------+-------+-------+-------++-------
Melee: Trident           |   151 |   225 |       |       |       ||   376
       Halberd           |       |    68 |   147 |       |       ||   215
       Scythe            |       |       |    52 |       |       ||    52
       Spear             |       |       |   247 |  1164 |    51 ||  1462
Throw: Tomahawk          |       |       |       |     9 |       ||     9
Evoke: Wand              |       |       |       |       |     2 ||     2
  Use: Potion            |     1 |       |    16 |     8 |       ||    25
       Scroll            |     2 |       |     5 |     7 |     1 ||    15
 Stab: Invisible         |       |       |       |     5 |       ||     5
  Eat: Ration            |     1 |     2 |     3 |     5 |     1 ||    12
Armor: Scale mail        |    77 |    21 |       |       |       ||    98
       Chain mail        |       |   147 |   167 |    40 |       ||   354
       Skin              |       |       |    43 |       |       ||    43
       Plate armour      |       |       |       |   257 |    35 ||   292
Dodge: Dodged            |    68 |    98 |   133 |   193 |    13 ||   505
